 Dungeon Crawl Stone Soup version 0.21.0 (webtiles) character file.

76 Hekarica the Ducker (level 4, -2/35 HPs)
             Began as a Merfolk Monk on May 19, 2018.
             Slain by Capnfrog's ghost (12 damage)
             ... on level 3 of the Dungeon.
             The game lasted 00:16:28 (2292 turns).

Hekarica the Ducker (Merfolk Monk)                  Turns: 2292, Time: 00:16:29

Health: -2/35      AC:  3    Str: 13      XL:     4   Next: 32%
Magic:  4/4        EV: 14    Int:  8 (9)  God:
Gold:   175        SH:  0    Dex: 14 (16) Spells: 3/3 levels left

rFire    . . .     SeeInvis .     - Unarmed
rCold    . . .     Gourm    .   (no shield)
rNeg     . . .     Faith    .   f - +0 leather armour
rPois    .         Spirit   .   (no helmet)
rElec    .         Reflect  .   (no cloak)
rCorr    .         Harm     .   (no gloves)
MR       .....                  (no boots)
Stlth    ++........             i - amulet of inaccuracy (curse)
HPRegen  0.51/turn              d - +3 ring of strength
MPRegen  0.09/turn              (no ring)

@: no status effects
A: change form in water, swift swim, stealthy swim, regeneration 1, weak 1
a: no special abilities


You were on level 3 of the Dungeon.
You were not hungry.

You visited 1 branch of the dungeon, and saw 3 of its levels.

You collected 175 gold pieces.

Inventory:

Hand Weapons
 a - a +0 falchion
Armour
 b - a +0 robe
 f - a +0 leather armour (worn)
Jewellery
 d - a +3 ring of strength (left hand)
 i - a cursed amulet of inaccuracy (around neck)
Scrolls
 e - a scroll of identify
Potions
 g - a potion of curing
 h - a potion of resistance
Comestibles
 c - 3 rations


   Skills:
 - Level 3.2 Fighting
 - Level 3.2 Long Blades
 + Level 5.0 Dodging
 - Level 2.1 Stealth
 * Level 3.3 Unarmed Combat


You had 3 spell levels left.
You didn't know any spells.

Dungeon Overview and Level Annotations

Branches:
Dungeon (3/15)

Altars:

Annotations:
D:3 Capnfrog's ghost, amateur FeTm


Innate Abilities, Weirdness & Mutations

You revert to your normal form in water.
You are very nimble and swift while swimming.
You are very stealthy in the water. (Stealth+)
Your natural rate of healing is unusually fast.
You are weak. (Str -2)


Message History

You see here a dagger.
You open the door.
Capnfrog's ghost hits you but does no damage.
There is an open door here.
You open the door.
Capnfrog's ghost says, "I break bones and crack skulls... with my bare hands."
Capnfrog's ghost barely misses you.
There is an open door here.
You miss Capnfrog's ghost. Capnfrog's ghost hits you!
You miss Capnfrog's ghost. You miss Capnfrog's ghost.
Capnfrog's ghost hits you!
* * * LOW HITPOINT WARNING * * *
You closely miss Capnfrog's ghost.
Capnfrog's ghost says, "You would make a fine zombie."
Capnfrog's ghost hits you.
* * * LOW HITPOINT WARNING * * *
You completely miss Capnfrog's ghost. Capnfrog's ghost closely misses you.
You completely miss Capnfrog's ghost. Capnfrog's ghost barely misses you.
Capnfrog's ghost hits you!
You die...

********,*#......#....,,,,**
* *,*#..###.#,...,,,** *
*,*#..# #.#**##**** * *,*#..#
#.# * *,*#..# #.###** *
#,*#..# #...,,*
****####.##..# #..#*,*
*,,,.........# #..#*,********
*,**####.##.####@.#*,,,,,,,,*
*,,,...........W..#********,*
***,.####.#.#####.# *,*
,,*,,,,...#.# *.# *,* **
*,**,*###,#.# *.# *,* *,
,,,,,,,,,,#.# *.# ****,****,
*,**,****,#.# *.# *,,,,,,**,
*,**,* *,#.#****.# *,**,*,**,
*,**,* *,#.,,,,,.# *,*,,*,**,


You could see Capnfrog's ghost.

Vanquished Creatures
  2 adders
  An ooze (D:1)
  A worm (D:2)
  3 dart slugs (D:1)
  A leopard gecko (D:1)
  A giant cockroach (D:2)
  8 goblins
  5 hobgoblins
  5 kobolds
  2 quokkas
  4 bats
  4 frilled lizards
  8 rats
  2 fungi (D:1)
47 creatures vanquished.

Notes
Turn   | Place    | Note
-------+----------+-------------------------------------------
     0 | D:1      | Hekarica the Merfolk Monk began the quest for the Orb.
     0 | D:1      | Reached XP level 1. HP: 18/18 MP: 1/1
    44 | D:1      | Reached skill level 1 in Unarmed Combat
    63 | D:1      | Reached XP level 2. HP: 6/24 MP: 2/2
   764 | D:1      | Reached XP level 3. HP: 27/29 MP: 3/3
  1461 | D:2      | Found a faded altar of an unknown god.
  1551 | D:2      | Gained mutation: You are weak. (Str -2) [potion of mutation]
  1551 | D:2      | Gained mutation: Your natural rate of healing is unusually fast. [potion of mutation]
  1622 | D:2      | Reached XP level 4. HP: 28/35 MP: 4/4
  2058 | D:3      | Found a runed door.
  2063 | D:3      | Noticed Crazy Yiuf
  2184 | D:3      | Reached skill level 5 in Dodging
  2231 | D:3      | Noticed Capnfrog's ghost (amateur FeTm)
  2292 | D:3      | Slain by Capnfrog's ghost

Skill      XL: |  1  2  3  4 |
---------------+-------------+-----
Unarmed Combat | 1 2 3 |  3.3
Dodging        | 5 |  5.0
Fighting       | |  3.2
Long Blades    | |  3.2
Stealth        | |  2.1

Action                   |  1- 3 |  4- 6 || total
-------------------------+-------+-------++-------
Melee: Unarmed           |   209 |    58 ||   267
       Punch             |     6 |       ||     6
  Use: Potion            |     9 |       ||     9
       Scroll            |     4 |     1 ||     5
 Stab: Sleeping          |     3 |     2 ||     5
  Eat: Ration            |     1 |     1 ||     2
Armor: Leather armour    |    32 |     4 ||    36
       Robe              |     2 |       ||     2
Dodge: Dodged            |   120 |    34 ||   154
